 Dungeon Crawl Stone Soup version 0.30.0-10-gfe55d96785 (webtiles) character file.

Game seed: 8645240142222834454

791 cheesebisquit the Sneak (level 7, -1/53 (59) HPs)
             Began as a Yellow Draconian Fire Elementalist on May 13, 2023.
             Slain by a wight
             ... wielding a +3 morningstar
              (7 damage)
             ... on level 5 of the Dungeon.
             The game lasted 00:20:30 (5515 turns).

cheesebisquit the Sneak (DrFE)                      Turns: 5515, Time: 00:20:31

HP:   -1/53 (59)    AC:  6    Str: 11    XL:     7   Next: 57%
MP:   15/22         EV: 13    Int: 17    God:
Gold: 251           SH:  0    Dex: 11    Spells: 3/14 levels left

rFire   + . .        b - staff of fire
rCold   . . .        (no shield)
rNeg    . . .        (body armour unavailable)
rPois   .            (helmet restricted)
rElec   .            (no cloak)
rCorr   +            (no gloves)
SInv    .            (no boots)
Will    .....        p - amulet of the acrobat
Stlth   ++           j - ring of magical power
HPRegen 0.28/turn    (no ring)
MPRegen 0.18/turn

%: acrobat
@: hasted, heavily drained, very quick
A: spit acid, AC +6, unfitting armour, cold-blooded, acid resistance
a: Breathe Acid


You were on level 5 of the Dungeon.
You visited 1 branch of the dungeon, and saw 5 of its levels.

You collected 251 gold pieces.

Inventory:

Hand Weapons
 d - a +0 spear
Missiles
 k - 10 poisoned darts
 x - 2 curare-tipped darts
Magical Staves
 b - a staff of fire (weapon)
Jewellery
 j - a ring of magical power (left hand)
 p - an amulet of the acrobat (around neck)
Wands
 s - a wand of flame (10)
 u - a wand of acid (8)
Scrolls
 c - 3 scrolls of vulnerability {unknown}
 g - 6 scrolls of identify {unknown}
 h - a scroll of blinking {unknown}
 i - a scroll of enchant armour {unknown}
 l - 4 scrolls of silence {unknown}
 n - 4 scrolls of teleportation {unknown}
 r - a scroll of amnesia {unknown}
 v - a scroll of poison {unknown}
 w - 2 scrolls of immolation {unknown}
 y - a scroll of fog {unknown}
Potions
 a - 2 potions of magic
 e - a potion of flight {unknown}
 f - 2 potions of curing {unknown}
 m - 2 potions of degeneration {unknown}
 o - 2 potions of attraction {unknown}
 q - 3 potions of ambrosia {unknown}
 t - a potion of lignification {unknown}


   Skills:
 + Level 4.2 Fighting
 + Level 4.0 Dodging
 + Level 4.4 Stealth
 + Level 4.2 Spellcasting
 - Level 1.0 Conjurations
 - Level 3.0 Fire Magic
 * Level 1.6 Air Magic


You had 3 spell levels left.
You knew the following spells:

 Your Spells              Type           Power      Damage    Failure   Level
a - Foxfire               Conj/Fire      60%        2x1d7     7%          1
b - Shock                 Conj/Air       32%        1d5       9%          1
c - Static Discharge      Conj/Air       16%        2-3/arc   14%         2
d - Swiftness             Air            9%         N/A       24%         3
e - Airstrike             Air            4%         2d(1-17)  63%         4

Your spell library contained the following spells:

 Spells                   Type           Power      Damage    Failure   Level
 Scorch                   Fire           40%        2d6       7%          2
 Sublimation of Blood     Necr           3%         N/A       24%         2
 Wereblood                Tmut           3%         N/A       24%         2
 Inner Flame              Hex/Fire       13%        N/A       26%         3
 Volatile Blastmotes      Fire/Tloc      26%        2d12      26%         3
 Portal Projectile        Hex/Tloc       6%         N/A       43%         3
 Tukima's Dance           Hex            3%         N/A       43%         3
 Flame Wave               Conj/Fire      15%        2d7       56%         4
 Summon Lightning Spire   Summ/Air       6%         N/A       73%         4
 Blade Hands              Tmut           1%         N/A       99%         5
 Summon Hydra             Summ           1%         N/A       100%        7


Dungeon Overview and Level Annotations

Branches:
Dungeon (5/15)
 Temple: D:4-7

Altars:
Dithmenos
Gozag
Hepliaklqana
Kikubaaqudgha
Sif Muna
Yredelemnul

Shops:
D:4 :


Innate Abilities, Weirdness & Mutations

You can spit globs of acid.
Your golden yellow scales are hard. (AC +6)
You cannot fit into any form of body armour.
You are cold-blooded and may be slowed by cold attacks.
You are resistant to acid. (rCorr)


Message History

You feel drained. The wight barely misses you. The wight misses you.
You feel a surge of power!
You conjure some foxfire!
The wight hits you but does no damage. The wight misses you.
The wight barely misses you.
You hit the wight but do no damage.
Your tail-slap misses the wight.
The wight is almost destroyed.
The foxfire hits the wight but does no damage.
The wight is moderately damaged.
The foxfire hits the wight.
The wight is heavily damaged.
The wight hits you with a +3 flail of freezing!
You feel yourself slow down. The wight freezes you.
The wight completely misses you.
The wight hits you from afar with a +1 trident.
You feel drained. The wight closely misses you. The wight misses you.
The wight hits you with a +0 morningstar.
You are too injured to fight recklessly!
Casting: Foxfire (safe; 7% risk of failure)
Press: ? - help, Q - select action, (/) - cycle Dir - look around, f - activate You feel a surge of power!
You conjure some foxfire!
The wight barely misses you. The wight misses you. The wight barely misses you.
The wight hits you with a +3 flail of freezing.
The wight freezes you.
You feel yourself speed up.
You feel yourself speed up.
The foxfire hits the wight.
The wight is almost destroyed.
The foxfire hits the wight.
You destroy the wight!
The wight hits you with a +0 morningstar.
The wight hits you with a +3 morningstar.
* * * LOW HITPOINT WARNING * * *
You feel drained.
* * * LOW HITPOINT WARNING * * *
The wight closely misses you.
The wight hits you with a +0 morningstar!
* * * LOW HITPOINT WARNING * * *
The wight barely misses you.
The wight hits you with a +3 morningstar!
You die...

...#..#.#### #. ##
...####.########.#..
.>............##.#.###
.#...............#.#(.
.########..........#.#
.
#..........#.#+######
#.......?..#<........
#........zz#.........
#.......@)..........
#........z#.........
############.##'####
#....#######.#
##...#..)..).#
###...#####.# ##..# #
#..#####.# ##........


You could see 3 wights.

Vanquished Creatures
  A centaur (D:5)
  2 kobold brigands (D:4)
  A wight (D:5)
  2 hounds
  Ijyb (D:3)
  2 sleepcaps
  Jessica (D:2)
  An iguana (D:4)
  Natasha (D:2)
  An orc wizard (D:5)
  9 gnolls (D:4)
  8 adders
  A white imp (D:4)
  2 worms (D:4)
  3 dart slugs
  6 orcs
  10 ball pythons
  10 endoplasms
  A giant cockroach (D:3)
  14 goblins
  9 hobgoblins
  3 jackals (D:3)
  52 kobolds
  5 quokkas
  6 bats
  2 frilled lizards
  10 rats
164 creatures vanquished.

Vanquished Creatures (others)
  491 foxfires
491 creatures vanquished.

Grand Total: 655 creatures vanquished

Notes
Turn   | Place    | Note
-------+----------+-------------------------------------------
     0 | D:1      | cheesebisquit the Draconian Fire Elementalist began the
                  | quest for the Orb.
     0 | D:1      | Reached XP level 1. HP: 14/14 MP: 3/3
   329 | D:1      | Reached XP level 2. HP: 22/22 MP: 3/5
   748 | D:1      | Reached skill level 1 in Fighting
  1021 | D:2      | Reached XP level 3. HP: 28/28 MP: 6/6
  1187 | D:2      | Noticed Natasha
  1188 | D:2      | Found an opulent altar of Gozag.
  1195 | D:2      | Killed Natasha
  1294 | D:2      | Reached XP level 4. HP: 36/36 MP: 8/8
  1464 | D:2      | Noticed Jessica
  1472 | D:2      | Killed Jessica
  1833 | D:3      | Found an ancient bone altar of Kikubaaqudgha.
  2078 | D:3      | Reached XP level 5. HP: 42/42 MP: 9/9
  2812 | D:3      | Noticed Ijyb
  2825 | D:3      | Killed Ijyb
  3040 | D:4      | Found a shadowy altar of Dithmenos.
  3177 | D:4      | Reached XP level 6. HP: 51/51 MP: 8/11
  3430 | D:4      | Found Omurargh's Book Boutique.
  3630 | D:4      | Found a shimmering blue altar of Sif Muna.
  3631 | D:4      | Found a hazy altar of Hepliaklqana.
  3632 | D:4      | Found a basalt altar of Yredelemnul.
  3633 | D:4      | Found an opulent altar of Gozag.
  4209 | D:4      | Your scales start taking on a golden yellow colour.
  4209 | D:4      | Reached XP level 7. HP: 58/58 MP: 12/12
  4209 | D:4      | Gained mutation: You are resistant to acid. (rCorr) [Yellow
                  | Draconian growth]
  4720 | D:5      | Entered Level 5 of the Dungeon
  4729 | D:5      | Learned a level 1 spell: Shock
  4732 | D:5      | Learned a level 2 spell: Static Discharge
  4736 | D:5      | Learned a level 3 spell: Swiftness
  4741 | D:5      | Learned a level 4 spell: Airstrike
  5029 | D:5      | Reached skill level 1 in Air Magic
  5515 | D:5      | Slain by a wight

Illustrated notes

Levels and vault maps discovered:
D:1:      dpeg_arrival_three_smaller_balls, layout_basic,
          amcnicky_mini_corridor_feature
D:2:      layout_loops_cross, basic_altar, kennysheep_jessica_study,
          uniq_natasha
D:3:      kennysheep_the_goblin_king, layout_loops_corners,
          kiku_gazebo_garden_becter, minmay_fractal_squares_diagonal_5
D:4:      minmay_goblin_kobold_castle, layout_cave_pools,
          nicolae_dithmenos_the_darkroom, mainiacjoe_overflow_alcove_3,
          serial_shops, nicolae_shop_temple_entry_statues_fountains
D:5:      layout_basic, zin_treasury, nicolae_qazlal_scattered_showers,
          grunt_decor_clamped

Skill      XL: |  1  2  3  4  5  6  7 |
---------------+----------------------+-----
Dodging        | 2 3 4 |  4.0
Stealth        | 2 3 4 |  4.4
Fighting       | 1 2 3 4 |  4.2
Spellcasting   | 3 4 |  4.2
Air Magic      | 1 |  1.6
Conjurations   | |  1.0
Fire Magic     | |  3.0

Action                     |  1- 3 |  4- 6 |  7- 9 || total
---------------------------+-------+-------+-------++-------
  Melee: Staff             |     5 |    61 |    31 ||    97
         Tailslap          |     1 |     7 |     6 ||    14
         Unarmed           |     1 |       |       ||     1
         Punch             |       |     1 |       ||     1
   Cast: Foxfire           |    40 |   179 |    68 ||   287
    Use: Potion            |       |     1 |     1 ||     2
 Armour: Skin              |     1 |    27 |    21 ||    49
  Dodge: Dodged            |    10 |    94 |    63 ||   167
